 Dungeon Crawl Stone Soup version 0.27-a0-972-gd1521fd518 (webtiles) character file.

Game seed: 16300888653776703386

11 Alarkh the Insei (level 2, 21/21 HPs)
             Began as a Demonspawn Transmuter on Apr 13, 2021.
             Got out of the dungeon alive.
             The game lasted 00:00:19 (524 turns).

Alarkh the Insei (Demonspawn Transmuter)             Turns: 524, Time: 00:00:19

Health: 21/21      AC:  2    Str: 10    XL:     2   Next: 13%
Magic:  5/5        EV: 12    Int: 14    God:
Gold:   31         SH:  0    Dex: 13    Spells: 4/5 levels left

rFire    . . .     SeeInvis .     - Unarmed
rCold    . . .     Faith    .   (no shield)
rNeg     . . .     Spirit   .   a - +0 robe
rPois    .         Reflect  .   (no helmet)
rElec    .         Harm     .   (no cloak)
rCorr    .         Rampage  .   (no gloves)
Will     .....                  (no boots)
Stlth    +.........             (no amulet)
HPRegen  0.07/turn              (no ring)
MPRegen  0.09/turn              (no ring)

@: no status effects
A: powered by pain 1
a: no special abilities


You escaped.
You visited 1 branch of the dungeon, and saw 1 of its levels.

You collected 31 gold pieces.

Inventory:

Armour
 a - a +0 robe (worn)
Scrolls
 d - a scroll of holy word {unknown}
Potions
 b - a potion of lignification {unknown}
 c - a potion of curing {unknown}


   Skills:
 + Level 1.2 Fighting
 - Level 1.7 Dodging
 * Level 3.0 Unarmed Combat
 + Level 2.1 Spellcasting
 + Level 2.0 Transmutations


You had 4 spell levels left.
You knew the following spells:

 Your Spells              Type           Power      Damage    Failure   Level
a - Beastly Appendage     Tmut           14%        N/A       11%         1

Your spell library contained the following spells:

 Spells                   Type           Power      Damage    Failure   Level
 Wereblood                Tmut           7%         N/A       16%         2
 Spider Form              Tmut/Pois      2%         N/A       43%         3
 Ice Form                 Ice/Tmut       4%         N/A       83%         4
 Hydra Form               Tmut           3%         N/A       96%         5


Dungeon Overview and Level Annotations

Branches:
Dungeon (1/15)

Altars:


Innate Abilities, Weirdness & Mutations

You sometimes gain a little power by taking damage.


Message History

The bat hits you.
Your Unarmed Combat skill increases to level 3!
You miss the bat. Your kick misses the bat. Your headbutt misses the bat.
The bat closely misses you.
You hit the bat but do no damage. Your headbutt misses the bat.
The bat hits you. The bat closely misses you.
Things that are here:
a +0 dagger; a hobgoblin corpse; a goblin corpse The bat barely misses you.
The bat barely misses you.
You miss the bat. Your kick misses the bat. The bat barely misses you.
Your horns disappear.
Your talons disappear.
The bat closely misses you. The bat hits you but does no damage.
The bat misses you. The bat closely misses you. The bat closely misses you.
Things that are here:
a +0 dagger; a hobgoblin corpse; a goblin corpse You miss the bat.
The bat barely misses you.
You barely miss the bat. The bat hits you but does no damage.
The bat misses you. The bat hits you. The bat closely misses you.
You miss the bat. The bat barely misses you.
You hit the bat.
You kill the bat!
Your Transmutations skill increases to level 2!
No target in view!
d - a scroll labelled KIWIECI GA PODD
There is a stone staircase leading down here.
Found a short sword.
Unknown command.
You open the door.
There is an open door here.
There is an open door here.
There is an open door here.
There is a staircase leading out of the dungeon here.
Are you sure you want to leave the Dungeon?
This will make you lose the game!
You have escaped!

#........############.........##.
#........# #.........##.
.......### #.........##. .......#
#.........##. ....####
#.........##. ....# #.........##.
....# ######################
....# ##.........## # ....#
#..♣..@..♣..# # ....#
##.........# # ....######
#####'##### ##### #
##...######...######...## #
#.......................# #
#..⌠........⌠........⌠..# #
#.......................# #
##...######...######...## # ##'##
##>## ##'#######


There were no monsters in sight!

Vanquished Creatures
  A ball python (D:1)
  An endoplasm (D:1)
  2 hobgoblins (D:1)
  5 bats (D:1)
  A goblin (D:1)
  2 rats (D:1)
12 creatures vanquished.

Notes
Turn   | Place    | Note
-------+----------+-------------------------------------------
     0 | D:1      | Alarkh the Demonspawn Transmuter began the quest for the
                  | Orb.
     0 | D:1      | Reached XP level 1. HP: 15/15 MP: 3/3
   379 | D:1      | Gained mutation: You sometimes gain a little power by
                  | taking damage. [demonic ancestry]
   379 | D:1      | Reached XP level 2. HP: 20/21 MP: 3/5
   383 | D:1      | Reached skill level 3 in Unarmed Combat
   524 | D:$      | Got out of the dungeon alive.

Illustrated notes

Levels and vault maps discovered:
D:1:      minmay_arrival_split_and_join, layout_basic,
          hellmonk_ecumenical_altar_dog_temple

Skill      XL: |  1  2 |
---------------+-------+-----
Unarmed Combat | 3 |  3.0
Transmutations | 2 |  2.0
Fighting       | |  1.2
Dodging        | |  1.7
Spellcasting   | |  2.1

Action                   || total
-------------------------++-------
Melee: Unarmed           ||    35
       Kick              ||     7
       Headbutt          ||     1
 Cast: Beastly Appendage ||     6
Armor: Robe              ||    14
Dodge: Dodged            ||    29

Table legend: (Time is in decaauts)
 A = Elapsed time spent in this place.
 B = Non-inter-level travel time spent in this place.
 C = Inter-level travel time spent in this place.
 D = Time resting spent in this place.
 E = Time spent auto-exploring this place.
 F = Levels seen in this place.
 G = Mean time per level.
                   A        B        C        D        E       F      G
               +--------+--------+--------+--------+--------+-----+--------+
         Total |    522 |    419 |    103 |      0 |    337 |   1 |  522.0 |
       Dungeon |    522 |    419 |    103 |      0 |    337 |   1 |  522.0 |
               +--------+--------+--------+--------+--------+-----+--------+

Top non-repeatable levels by time:
     D:1: 522 daAuts
